 Dungeon Crawl Stone Soup version 0.31-a0-859-g9dce7d3444 (webtiles) character file.

Game seed: 6300628404741623396

30 TheGamechu the Sneak (level 3, -3/28 (33) HPs)
             Began as a Draconian Delver on Oct 9, 2023.
             Slain by a wight
             ... wielding a +2 short sword of flaming
              (8 damage)
             ... on level 6 of the Dungeon.
             The game lasted 00:01:27 (161 turns).

TheGamechu the Sneak (Draconian Delver)              Turns: 161, Time: 00:01:28

HP:   -3/28 (33)    AC:  5    Str: 14    XL:     3   Next: 3%
MP:   3/3           EV: 12    Int: 10    God:
Gold: 0             SH:  0    Dex: 14    Spells: 2/2 levels left

rFire   . . .        a - +0 falchion
rCold   . . .        (no shield)
rNeg    . . .        (body armour unavailable)
rPois   .            (helmet restricted)
rElec   .            (no cloak)
rCorr   .            (no gloves)
SInv    .            (no boots)
Will    .....        (no amulet)
Stlth   +++          (no ring)
HPRegen 0.24/turn    (no ring)
MPRegen 0.08/turn

%: no passive effects
@: heavily drained
A: AC +5, unfitting armour, cold-blooded
a: no special abilities


You were on level 6 of the Dungeon.
You visited 1 branch of the dungeon, and saw 2 of its levels.

Inventory:

Hand Weapons
 a - a +0 falchion (weapon)
 g - a +2 rapier of freezing
Wands
 f - a wand of digging (3)
Scrolls
 b - a scroll of fog
 c - a scroll of revelation
 d - a scroll of fear
Potions
 e - a potion of haste


   Skills:
 + Level 3.6 Fighting
 + Level 2.4 Long Blades
 + Level 2.2 Dodging
 + Level 4.7 Stealth


You had 2 spell levels left.
You didn't know any spells.
Your spell library was empty.

Dungeon Overview and Level Annotations

Branches:
Dungeon (6/15)
 Temple: D:4-7

Altars:

Shops:
D:5 =


Innate Abilities, Weirdness & Mutations

Your plain brown scales are hard. (AC +5)
You cannot fit into any form of body armour.
You are cold-blooded and may be slowed by cold attacks.


Message History

The wight attacks as it pursues you! The wight misses you.
You see here a +2 rapier of freezing.
g - a +2 rapier of freezing The wight attacks as it pursues you!
The wight hits you from afar with a +5 spear.
You feel drained.
You open the door. The wight closely misses you.
The wight attacks as it pursues you!
The wight hits you from afar with a +5 spear.
You feel drained.
There is an open door here.
The wight attacks as it pursues you! The wight barely misses you.
The wight closely misses you. The wight attacks as it pursues you!
The wight hits you with a +2 short sword of flaming.
You feel drained. The wight burns you. As you open the door, it creaks loudly!
The wight closely misses you. The wight attacks as it pursues you!
The wight misses you.
There is an open door here.
You hit the wight but do no damage.
Your tail-slap misses the wight.
The wight closely misses you.
You closely miss the wight.
The wight hits you from afar with a +5 spear!
You hit the wight but do no damage.
You tail-slap the wight, but do no damage.
The wight closely misses you. The wight completely misses you.
The wight hits you but does no damage.
You hit the wight but do no damage.
The wight hits you with a +2 short sword of flaming.
The wight burns you.
The wight hits you from afar with a +5 spear.
* * * LOW HITPOINT WARNING * * *
You feel drained.
You are too injured to fight recklessly!
You are too injured to fight recklessly!
You barely miss the wight.
You tail-slap the wight, but do no damage.
The wight hits you with a +2 short sword of flaming!
You die...

#......z...#
.....##'#####.# ###
##...## #.#
##.....###.##
##.8...8.##..#
##.#.....#.##.#
###...8...8...#z#
###.+..........z'.#
##...#...8...8..@###
#....##.#.....#.##
##....##.8...8.##
.......##.....##
......z.##...##
......#..##'##
......##....#
......#######
...z<..#


You could see 2 wights.

Vanquished Creatures
  A hound (D:6)
1 creature vanquished.

Notes
Turn   | Place    | Note
-------+----------+-------------------------------------------
     0 | D:5      | TheGamechu the Draconian Delver began the quest for the
                  | Orb.
     0 | D:5      | Reached XP level 1. HP: 19/19 MP: 1/1
    11 | D:6      | Noticed an ogre
    12 | D:6      | Noticed a hound
    25 | D:6      | Killed a hound
    26 | D:6      | Reached XP level 2. HP: 13/27 MP: 2/2
    26 | D:6      | Reached XP level 3. HP: 16/33 MP: 3/3
   110 | D:6      | Noticed a wight
   110 | D:6      | Noticed a wight
   111 | D:6      | Noticed a wight
   111 | D:6      | Noticed a scorpion
   161 | D:6      | Slain by a wight

Illustrated notes

Levels and vault maps discovered:
D:5:      layout_rooms, nicolae_take_the_stairs, bh_walls_and_bars,
          uniq_prince_ribbit1, uniq_blork_the_orc, uniq_duvessa
D:6:      layout_cave_pools, kennysheep_mini,
          mainiacjoe_overflow_small_starburst, nicolae_dithmenos_the_darkroom,
          temple_green, serial_shops, nicolae_stop_n_shop_2, hex_medium,
          dk_noncrumbling_3, minmay_bent

Skill      XL: |  1 |
---------------+----+-----
Dodging        | 2 |  2.2
Fighting       | |  3.6
Long Blades    | |  2.4
Stealth        | |  4.7

Action                     || total
---------------------------++-------
  Melee: Falchion          ||    12
         Tailslap          ||     5
 Armour: Skin              ||    14
  Dodge: Dodged            ||    14

Table legend: (Time is in decaauts)
 A = Elapsed time spent in this place.
 B = Non-inter-level travel time spent in this place.
 C = Inter-level travel time spent in this place.
 D = Time resting spent in this place.
 E = Time spent auto-exploring this place.
 F = Levels seen in this place.
 G = Mean time per level.
                   A        B        C        D        E       F      G
               +--------+--------+--------+--------+--------+-----+--------+
         Total |    163 |    163 |      0 |     55 |      2 |   2 |   81.5 |
       Dungeon |    163 |    163 |      0 |     55 |      2 |   2 |   81.5 |
               +--------+--------+--------+--------+--------+-----+--------+

Top non-repeatable levels by time:
     D:6: 91 daAuts
     D:5: 72 daAuts
